 Dungeon Crawl Stone Soup version 0.28-a0-796-gd4f0d3f9b2 (webtiles) character file.

Game seed: 1463500444420905009

866 Decritt the Skirmisher (level 8, 0/51 HPs)
             Began as a Gargoyle Earth Elementalist on Nov 6, 2021.
             Was a Believer of Zin.
             Shot with an arrow by a centaur (10 damage)
             ... on level 5 of the Dungeon.
             The game lasted 00:21:18 (4514 turns).

Decritt the Skirmisher (GrEE)                       Turns: 4514, Time: 00:21:18

Health: 0/51       AC:  9    Str: 18    XL:     8   Next: 3%
Magic:  21/21      EV: 11    Int: 18    God:    Zin [**....]
Gold:   26         SH:  0    Dex: 10    Spells: 9/13 levels left

rFire   . . .      SeeInvis .   a - +1 mace
rCold   . . .      Faith    +   (no shield)
rNeg    + . .      Spirit   .   d - +0 leather armour
rPois   ∞          Reflect  .   (no helmet)
rElec   +          Harm     .   (no cloak)
rCorr   .          Rampage  .   k - +0 pair of gloves
Will    .....                   (no boots)
Stlth   ++........              g - amulet of faith
HPRegen 0.17/turn               h - ring of magical power
MPRegen 0.17/turn               i - +6 ring of strength

@: about to teleport, reciting
A: sickness immunity, AC +5, negative energy resistance 1, electricity
resistance, torment resistance 1, petrification resistance
a: Renounce Religion, Recite, Vitalisation, Donate Gold


You were on level 5 of the Dungeon.
You worshipped Zin.
Zin was pleased with you.
You visited 2 branches of the dungeon, and saw 6 of its levels.

You collected 183 gold pieces.
You spent 80 gold pieces at shops.
You donated 77 gold pieces to Zin.

Inventory:

Hand Weapons
 a - a +1 mace (weapon)
Missiles
 c - 80 stones
 m - 4 boomerangs (quivered)
Armour
 b - a +0 robe
 d - a +0 leather armour (worn)
 j - a +0 scale mail
 k - a +0 pair of gloves (worn)
Jewellery
 g - an amulet of faith (around neck)
 h - a ring of magical power (left hand)
 i - a +6 ring of strength (right hand)
Scrolls
 r - 2 scrolls of identify
Potions
 f - a potion of mutation


   Skills:
 + Level 6.0 Fighting
 - Level 3.3 Maces & Flails
 - Level 1.5 Dodging
 - Level 2.1 Stealth
 - Level 3.1 Spellcasting
 + Level 2.3 Conjurations
 - Level 0.7 Transmutations
 + Level 4.6 Earth Magic
 * Level 3.5 Invocations


You had 9 spell levels left.
You knew the following spells:

 Your Spells              Type           Power      Damage    Failure   Level
a - Sandblast             Erth           38%        2d10      2%          1
b - Stone Arrow           Conj/Erth      30%        3d8       14%         3

Your spell library contained the following spells:

 Spells                   Type           Power      Damage    Failure   Level
 Passwall                 Tmut/Erth      10%        N/A       10%         2
 Static Discharge         Conj/Air       7%         N/A       19%         2
 Frozen Ramparts          Ice            4%         1d2       50%         3
 Petrify                  Tmut/Erth      12%        N/A       54%         4
 Animate Armour           Summ/Erth      22%        N/A       58%         4
 Sticky Flame             Conj/Fire      7%         2d3       75%         4
 Dispel Undead            Necr           2%         3d7       88%         4
 Borgnjor's Vile Clutch   Necr/Erth      5%         N/A       90%         5
 Alistair's Intoxication  Tmut/Pois      2%         N/A       99%         5
 Eringya's Noxious Bog    Tmut/Pois      2%         N/A       100%        6
 Simulacrum               Ice/Necr       1%         N/A       100%        6


Dungeon Overview and Level Annotations

Branches:
Dungeon (5/15)             Temple (1/1) D:4

Altars:
Cheibriados
Elyvilon
Gozag
Hepliaklqana
Kikubaaqudgha
Makhleb
Nemelex Xobeh
Okawaru
Qazlal
Ru
Sif Muna
Trog
Uskayaw
Vehumet
Yredelemnul
Zin
The Shining One

Shops:
D:4 *


Innate Abilities, Weirdness & Mutations

You are immune to sickness and miasma.
Your stone body is resilient. (AC +5)
You are immune to poison.
You resist negative energy. (rN+)
You are resistant to electric shocks. (rElec)
You are resistant to unholy torment.
You are immune to petrification.


Message History

You start removing your armour.
You continue taking off your +0 scale mail. x4
You finish taking off your +0 scale mail.
You start putting on your armour.
You continue putting on your +0 leather armour. x5
You finish putting on your +0 leather armour.
Annotate which branch? (. - D:5, ? - help, ! - show branch list)
Okay, then.
There's no appreciative audience!
Unknown command.
A centaur comes into view.
The centaur shouts!
The centaur wields a +0 shortbow.
The centaur shoots an arrow.
The arrow hits you.
The centaur shoots an arrow.
The arrow hits you!
The centaur shoots an arrow.
The arrow hits you!
Okay, then.
You throw a boomerang. The boomerang hits the centaur.
The centaur is lightly wounded.
A necrophage comes into view.
The centaur shoots an arrow.
The arrow hits you.
* * * LOW HITPOINT WARNING * * *
The centaur shoots an arrow.
The arrow hits you.
* * * LOW HITPOINT WARNING * * *
The centaur shoots an arrow.
The arrow hits you but does no damage.
The centaur shoots an arrow.
The arrow hits you!
* * * LOW HITPOINT WARNING * * *
The centaur shoots an arrow.
The arrow hits you.
* * * LOW HITPOINT WARNING * * *
The centaur shoots an arrow.
The arrow barely misses you.
You clear your throat and prepare to recite. "When the law of the land faltered, Zin rose..."
The centaur shoots an arrow.
The arrow hits you.
* * * LOW HITPOINT WARNING * * *
Okay, then.
As you read the scroll labelled FEDOBA VUDWUSKA, it crumbles to dust.
You feel strangely unstable.
It was a scroll of teleportation. "...from the silver throne, and the amorphous wretches were..."
The centaur shoots an arrow.
The arrow hits you!
You die...

........######....###..##.
.......n####...(....#### #.##
........#.....####### ###.#
.......c..###.##### ##...####
......... #.....#####..###...
........# #####.......###....
........# #######...##.....
........# #................
........#######@...............
.........c......>..............
.......########................
####### #...............#
#...............#
#...............#
#.........####### ###########


You could see a centaur.

Vanquished Creatures
  Grinder (D:5)
  Eustachio (D:4)
  A water moccasin (D:5)
  2 scorpions (D:4)
  2 hounds
  3 orc priests
  A bullfrog skeleton (D:5)
  An iguana (D:4)
  2 adders
  3 worms
  A dart slug (D:2)
  4 orcs
  5 endoplasms
  9 giant cockroaches
  10 goblins
  5 hobgoblins
  7 jackals
  8 kobolds
  6 quokkas
  6 ball pythons
  3 bats
  4 frilled lizards
  4 rats
89 creatures vanquished.

Notes
Turn   | Place    | Note
-------+----------+-------------------------------------------
     0 | D:1      | Decritt the Gargoyle Earth Elementalist began the quest for
                  | the Orb.
     0 | D:1      | Reached XP level 1. HP: 10/10 MP: 3/3
   234 | D:1      | Found a faded altar of an unknown god.
   555 | D:1      | Reached XP level 2. HP: 15/15 MP: 1/5
   719 | D:1      | Reached XP level 3. HP: 19/19 MP: 6/6
  1450 | D:2      | Reached skill level 1 in Fighting
  1480 | D:2      | Reached skill level 1 in Maces & Flails
  1480 | D:2      | Reached XP level 4. HP: 12/25 MP: 7/7
  2153 | D:3      | Found a bloodstained altar of Trog.
  2211 | D:3      | Found a snail-covered altar of Cheibriados.
  2610 | D:4      | Reached skill level 2 in Fighting
  2822 | D:4      | Reached XP level 5. HP: 28/31 MP: 9/9
  2911 | D:4      | Found a staircase to the Ecumenical Temple.
  2920 | Temple   | Entered the Ecumenical Temple
  2995 | Temple   | Became a worshipper of Zin the Law-Giver
  2995 | Temple   | Reached * piety under Zin
  2996 | Temple   | Donated 59 gold pieces to Zin
  3012 | D:4      | Found a stormy altar of Qazlal.
  3012 | D:4      | Found a burning altar of Makhleb.
  3021 | D:4      | Reached skill level 3 in Fighting
  3132 | D:4      | Reached XP level 6. HP: 16/38 MP: 10/10
  3322 | D:4      | Learned a level 3 spell: Stone Arrow
  3334 | D:4      | Got the Incunabulum of Clay and Cold
  3385 | D:4      | Reached skill level 4 in Fighting
  3661 | D:4      | Found a basalt altar of Yredelemnul.
  3727 | D:4      | Found Wufosem's CLEARANCE SALE!.
  3733 | D:4      | Noticed Eustachio
  3750 | D:4      | Killed Eustachio
  3751 | D:4      | Reached skill level 5 in Fighting
  3751 | D:4      | Reached XP level 7. HP: 16/44 MP: 11/11
  3951 | D:4      | Bought an amulet of faith for 80 gold pieces
  4055 | D:5      | Entered Level 5 of the Dungeon
  4107 | D:5      | Reached skill level 1 in Conjurations
  4107 | D:5      | Reached skill level 1 in Invocations
  4365 | D:5      | Noticed Grinder
  4383 | D:5      | Killed Grinder
  4384 | D:5      | Reached XP level 8. HP: 40/51 MP: 10/12
  4457 | D:5      | Reached ** piety under Zin
  4462 | D:5      | Reached skill level 6 in Fighting
  4514 | D:5      | Shot with an arrow by a centaur

Illustrated notes

Levels and vault maps discovered:
D:1:      dpeg_arrival_rooms_b, layout_basic, ebering_ecumenical_altar_ruins,
          minmay_misc_feat_pillars, minmay_misc_feat_doors,
          minmay_worlds_worst_comb
D:2:      layout_loops_ring, kennysheep_big_empty_room
D:3:      layout_basic, general_overflow_altar, marbit_many_paths
D:4:      layout_cave_pools, nicolae_overflow_crystal_walls,
          chequers_temple_overflow_statue_of_worship,
          minmay_temple_entry_statues_fountains,
          eino_small_chamber_without_monster, nicolae_shop_clearance,
          uniq_eustachio
D:5:      layout_rooms, dk_xom_monty_hall, serial_glass, glass_columns_c,
          glass_columns_a, uniq_grinder, uniq_sigmund
Temple:   nicolae_temple_x_marks_the_god

Skill      XL: |  1  2  3  4  5  6  7  8 |
---------------+-------------------------+-----
Earth Magic    | 4 |  4.6
Fighting       | 1 2 3 5 6 |  6.0
Maces & Flails | 1 2 3 |  3.3
Spellcasting   | 3 |  3.1
Conjurations   | 2 |  2.3
Invocations    | 3 |  3.5
Dodging        | |  1.5
Stealth        | |  2.1
Transmutations | |  0.7

Action                   |  1- 3 |  4- 6 |  7- 9 || total
-------------------------+-------+-------+-------++-------
Melee: Mace              |    85 |    62 |     9 ||   156
Throw: Boomerang         |       |    28 |     5 ||    33
 Cast: Sandblast         |    14 |    69 |    21 ||   104
Invok: Donate Gold       |       |     1 |       ||     1
       Recite            |       |     1 |     1 ||     2
  Use: Scroll            |       |     9 |     1 ||    10
       Potion            |       |     2 |       ||     2
 Stab: Sleeping          |     3 |       |     1 ||     4
Armor: Leather armour    |    46 |    41 |     8 ||    95
Dodge: Dodged            |    64 |    66 |    14 ||   144

Table legend: (Time is in decaauts)
 A = Elapsed time spent in this place.
 B = Non-inter-level travel time spent in this place.
 C = Inter-level travel time spent in this place.
 D = Time resting spent in this place.
 E = Time spent auto-exploring this place.
 F = Levels seen in this place.
 G = Mean time per level.
                   A        B        C        D        E       F      G
               +--------+--------+--------+--------+--------+-----+--------+
         Total |   4576 |   4527 |     49 |    748 |   2892 |   6 |  762.7 |
       Dungeon |   4495 |   4446 |     49 |    748 |   2845 |   5 |  899.0 |
        Temple |     80 |     80 |      0 |      0 |     47 |   1 |   80.0 |
               +--------+--------+--------+--------+--------+-----+--------+

Top non-repeatable levels by time:
     D:4: 1413 daAuts
     D:2: 1164 daAuts
     D:1: 889 daAuts
     D:3: 566 daAuts
     D:5: 462 daAuts
  Temple: 80 daAuts
